 Dungeon Crawl Stone Soup version 0.30-a0-782-ge64f9170bb (webtiles) character file.

Game seed: 17053248031721558278

6 funkygono the Firebug (level 1, 0/10 HPs)
             Began as a Gargoyle Fire Elementalist on Mar 9, 2023.
             Slain by a jackal (2 damage)
             ... on level 1 of the Dungeon.
             The game lasted 00:00:24 (222 turns).

funkygono the Firebug (Gargoyle Fire Elementalist)   Turns: 222, Time: 00:00:24

Health: 0/10       AC:  4    Str: 11    XL:     1   Next: 90%
Magic:  0/3        EV: 12    Int: 15    God:
Gold:   11         SH:  0    Dex: 10    Spells: 3/4 levels left

rFire   . . .      SeeInvis .    (no weapon)
rCold   . . .      Faith    .    (no shield)
rNeg    + . .      Spirit   .    a - +0 robe
rPois   ∞          Reflect  .    (no helmet)
rElec   +          Harm     .    (no cloak)
rCorr   .          Rampage  .    (no gloves)
Will    .....                    (no boots)
Stlth   ++                       (no amulet)
HPRegen 0.21/turn                (no ring)
MPRegen 0.08/turn                (no ring)

@: very slightly contaminated
A: sickness immunity, AC +2, negative energy resistance 1, electricity
resistance, torment resistance 1, petrification resistance
a: no special abilities


You were on level 1 of the Dungeon.
You visited 1 branch of the dungeon, and saw 1 of its levels.

You collected 11 gold pieces.

Inventory:

Armour
 a - a +0 robe (worn)
Scrolls
 c - 3 scrolls of identify {unknown}
Potions
 b - a potion of magic


   Skills:
 + Level 1.6 Dodging
 - Level 2.1 Stealth
 + Level 2.0 Spellcasting
 + Level 1.3 Conjurations
 + Level 3.2 Fire Magic


You had 3 spell levels left.
You knew the following spells:

 Your Spells              Type           Power      Damage    Failure   Level
a - Foxfire               Conj/Fire      32%        2x1d5     9%          1

Your spell library contained the following spells:

 Spells                   Type           Power      Damage    Failure   Level
 Scorch                   Fire           22%        2d6       9%          2
 Magic Dart               Conj           20%        1d4       13%         1
 Call Imp                 Summ           1%         N/A       32%         2
 Inner Flame              Hex/Fire       6%         N/A       34%         3
 Kindle Blastsparks       Fire/Tloc/Air  8%         2d10      38%         3
 Mephitic Cloud           Conj/Pois/Air  2%         N/A       50%         3
 Flame Wave               Conj/Fire      8%         2d5       65%         4


Dungeon Overview and Level Annotations

Branches:
Dungeon (1/15)

Altars:


Innate Abilities, Weirdness & Mutations

You are immune to sickness and miasma.
Your stone body is resilient. (AC +2)
You are immune to poison.
You resist negative energy. (rN+)
You are resistant to electric shocks. (rElec)
You are resistant to unholy torment.
You are immune to petrification.


Message History

Casting: Foxfire (safe; 9% risk of failure)
Confirm with . or Enter, or press ? or * to list all spells.
You conjure some foxfire!
The foxfire hits the jackal.
The jackal is lightly wounded.
You hit the jackal but do no damage.
The jackal is lightly wounded.
The foxfire hits the jackal but does no damage.
The jackal is lightly wounded.
The jackal bites you but does no damage.
You barely miss the jackal.
The jackal is lightly wounded.
The jackal closely misses you.
You hit the jackal.
The jackal is moderately wounded.
The jackal closely misses you. The jackal bites you. x2
The jackal bites you but does no damage.
The jackal attacks as you move away! The jackal closely misses you.
The jackal attacks as you move away!
The jackal bites you but does no damage.
The jackal attacks as you move away! The jackal bites you. x2
* * * LOW HITPOINT WARNING * * *
Casting: Foxfire (safe; 9% risk of failure)
Confirm with . or Enter, or press ? or * to list all spells.
You miscast Foxfire.
You are very lightly contaminated with residual magic.
Nothing appears to happen.
The jackal bites you but does no damage.
You hit the jackal.
The jackal is moderately wounded.
The jackal bites you but does no damage.
The jackal bites you.
* * * LOW HITPOINT WARNING * * *
You completely miss the jackal.
The jackal is moderately wounded.
The jackal barely misses you.
You miss the jackal.
The jackal is moderately wounded.
The jackal bites you.
You die...

#.## ## #.. #.#
#.# #.# #.# #.#
#.# #.# #.# #.#
#.# #.#
###.#####.#
#..@h.....#
#.#####.#.#######
#.......#.#
########..# ####
#.## #..... #.#
#.# #####.#####
#.# #.........#
#.# #.#######.#
#.#


You could see a jackal.

Vanquished Creatures
  A ball python (D:1)
  An endoplasm (D:1)
  A hobgoblin (D:1)
  2 kobolds (D:1)
5 creatures vanquished.

Vanquished Creatures (others)
  12 foxfires (D:1)
  22 plants (D:1)
34 creatures vanquished.

Grand Total: 39 creatures vanquished

Notes
Turn   | Place    | Note
-------+----------+-------------------------------------------
     0 | D:1      | funkygono the Gargoyle Fire Elementalist began the quest
                  | for the Orb.
     0 | D:1      | Reached XP level 1. HP: 10/10 MP: 3/3
   222 | D:1      | Slain by a jackal

Illustrated notes

Levels and vault maps discovered:
D:1:      nicolae_arrival_washed_ashore, layout_loops_ring,
          hangedman_abyss_or_decor_stabs, minmay_tree_intersection,
          kennysheep_boxes

Action                     || total
---------------------------++-------
  Melee: Unarmed           ||     6
   Cast: Foxfire           ||     8
 Armour: Robe              ||     5
  Dodge: Dodged            ||     4

Table legend: (Time is in decaauts)
 A = Elapsed time spent in this place.
 B = Non-inter-level travel time spent in this place.
 C = Inter-level travel time spent in this place.
 D = Time resting spent in this place.
 E = Time spent auto-exploring this place.
 F = Levels seen in this place.
 G = Mean time per level.
                   A        B        C        D        E       F      G
               +--------+--------+--------+--------+--------+-----+--------+
         Total |    222 |    222 |      0 |      0 |    164 |   1 |  222.0 |
       Dungeon |    222 |    222 |      0 |      0 |    164 |   1 |  222.0 |
               +--------+--------+--------+--------+--------+-----+--------+

Top non-repeatable levels by time:
     D:1: 222 daAuts
